 Dungeon Crawl Stone Soup version 0.20-a0-270-g8e735b6 (webtiles) character file.

5908 herbo4 the Blocker (level 10, -6/89 HPs)
             Began as a Minotaur Fighter on Dec 10, 2016.
             Was a High Priest of Okawaru.
             Mangled by a troll (9 damage)
             ... on level 9 of the Dungeon.
             The game lasted 00:50:20 (9007 turns).

herbo4 the Blocker (Minotaur Fighter)               Turns: 9007, Time: 00:50:21

Health: -6/89      AC:  9    Str: 22    XL:     10   Next: 53%
Magic:  9/9        EV: 11    Int:  5    God:    Okawaru [*****.]
Gold:   403        SH:  9    Dex: 12    Spells: 9/9 levels left

rFire  + . .     SeeInvis .     B - +0 hand axe (freeze)
rCold  . . .     Gourm    .     g - +0 ring mail {rF+}
rNeg   . . .     Faith    .     R - +0 buckler
rPois  .         Spirit   .     (helmet restricted)
rElec  .         Reflect  +     v - +0 cloak
rCorr  .         Harm     .     p - +0 pair of gloves
MR     +....                    (no boots)
Stlth  ..........               o - +3 amulet of reflection
                                (no ring)
                                y - ring of protection from magic

@: drained
A: retaliatory headbutt, hooves 1, horns 2
a: Heroism, Finesse, Renounce Religion


You were on level 9 of the Dungeon.
You worshipped Okawaru.
Okawaru was extremely pleased with you.
You were not hungry.

You visited 1 branch of the dungeon, and saw 9 of its levels.

You collected 403 gold pieces.

Inventory:

Hand Weapons
 a - a +0 long sword
 d - a +1 dagger of chaos
 w - a +1 whip of flaming
 x - a +1 dagger of holy wrath
 B - a +0 hand axe of freezing (weapon)
 E - a +3 rapier of speed
 P - a +3 halberd of freezing
Missiles
 J - 3 tomahawks of returning (quivered)
Armour
 b - a +0 scale mail
 c - a +0 shield
 g - a +0 ring mail of fire resistance (worn)
 p - a +0 pair of gloves (worn)
 s - a +0 plate armour
 v - a +0 cloak (worn)
 z - a +0 pair of boots
 K - a cursed -1 robe
 R - a +0 buckler (worn)
Jewellery
 o - a +3 amulet of reflection (around neck)
 y - a ring of protection from magic (left hand)
 I - an uncursed amulet of guardian spirit
Wands
 r - a wand of flame (15/48)
 D - a wand of random effects (13/48)
 Q - a wand of paralysis (10/24)
Scrolls
 h - 2 scrolls of magic mapping
 i - 2 scrolls of recharging
 j - 9 scrolls of remove curse
 C - a scroll of enchant weapon {unknown}
 F - a scroll of immolation {unknown}
 H - a scroll of amnesia
 M - a scroll of summoning {unknown}
 N - a scroll of enchant armour {unknown}
Potions
 e - a potion of magic {unknown}
 k - a potion of ambrosia {unknown}
 m - 2 potions of flight
 t - a potion of agility {unknown}
 u - 2 potions of curing
 A - a potion of degeneration {unknown}
 G - 2 potions of lignification {unknown}
 L - a potion of invisibility {unknown}
 O - a potion of mutation {unknown}
Books
 l - a book of Clouds

   Spells                             Type                      Level
   a - Mephitic Cloud                 Conjuration/Poison/Air       3
   b - Conjure Flame                  Conjuration/Fire             3
   c - Poisonous Cloud                Conjuration/Poison/Air       5
   d - Freezing Cloud                 Conjuration/Ice/Air          6
   e - Ring of Flames                 Charms/Fire                  7
Comestibles
 f - 8 bread rations
 n - 4 meat rations
 q - 2 chunks of flesh


   Skills:
 + Level 8.3(7.3) Fighting
 + Level 10.7(9.6) Long Blades
 + Level 1.6(0.7) Axes
 + Level 9.0(7.9) Armour
 + Level 2.9(1.9) Dodging
 + Level 0.1(0.0) Stealth
 + Level 10.8(9.7) Shields
 + Level 1.2(0.3) Invocations
 + Level 0.8(0.0) Evocations


You had 9 spell levels left.
You didn't know any spells.

Dungeon Overview and Level Annotations

Branches:
Dungeon (9/15)             Temple (0/1) D:5
   Lair: D:8-11         Orc: D:9-12

Altars:
Dithmenos
Elyvilon
Hepliaklqana
Okawaru


Innate Abilities, Weirdness & Mutations

You reflexively headbutt those who attack you in melee.
You have a pair of horns on your head.
You have large cloven feet.


Message History

Okawaru accepts your kill.
Your base Armour skill increases to level 9!
You barely miss the troll. The troll closely misses you.
The troll claws you but does no damage. The troll barely misses you.
You hit the troll but do no damage. Your kick misses the troll.
You headbutt the troll, but do no damage.
The troll bites you.
* * * LOW HITPOINT WARNING * * *
You block the troll's attack. The troll claws you!
* * * LOW HITPOINT WARNING * * *
The troll bites you!
* * * LOW HITPOINT WARNING * * *
The troll barely misses you. The troll claws you but does no damage.
Zapping:
Q - a wand of paralysis (?/24) (will waste charges)
Press: ? - help, Shift-Dir - straight line, f - troll
Aim: a troll (chance to defeat MR: 46%)
The troll resists with some effort.
Evoking this partially-identified wand wasted a few charges.
The troll bites you!
You die...

#+# #.# #.# #.#
###'#########
#####...........#
##...'...........#
#@)###...........# #T##
#.....(.....# ........#
#.........(.# ......###
#...........# ......
######'###### ##.## #..#
# ##.## ##########+##
#..#
#..)........######'######


You could see a troll.

Vanquished Creatures
  Pikel (D:6)
  A centaur zombie (D:9)
  Psyche (D:8)
  Prince Ribbit (D:8)
  2 hippogriffs
  Sigmund (D:6)
  A spriggan (D:7)
  Grum (D:8)
  A steam dragon (D:7)
  3 orc warriors
  3 sky beasts
  A black bear (D:8)
  An ogre (D:5)
  5 phantoms
  3 wolves (D:8)
  4 bullfrogs
  2 scorpions (D:5)
  8 killer bees
  9 wights
  2 crimson imps
  A bullfrog skeleton (D:8)
  2 bullfrog zombies
  6 hounds
  A jelly (D:8)
  5 orc wizards
  3 orc priests
  An iguana (D:8)
  7 worker ants
  2 hound zombies
  A hound skeleton (D:6)
  4 gnolls (D:3)
  A worker ant zombie (D:5)
  17 adders
  11 river rats (D:6)
  2 oozes
  An adder skeleton (D:6)
  2 worms
  7 leopard geckos
  24 orcs
  5 bats
  2 giant cockroaches
  4 goblins
  5 hobgoblins
  6 jackals
  8 quokkas
  A ball python skeleton (D:4)
  4 frilled lizards
  A giant cockroach zombie (D:5)
  10 kobolds
  2 quokka skeletons
  A quokka zombie (D:5)
  16 rats
214 creatures vanquished.

Vanquished Creatures (others)
  2 orcs
2 creatures vanquished.

Grand Total: 216 creatures vanquished

Notes
Turn   | Place    | Note
-------+----------+-------------------------------------------
     0 | D:1      | herbo4 the Minotaur Fighter began the quest for the Orb.
     0 | D:1      | Reached XP level 1. HP: 19/19 MP: 0/0
   560 | D:1      | Reached XP level 2. HP: 27/27 MP: 1/1
   931 | D:2      | Reached XP level 3. HP: 32/33 MP: 2/2
  1225 | D:2      | Reached XP level 4. HP: 38/40 MP: 3/3
  1717 | D:3      | Reached skill level 1 in Dodging
  1835 | D:3      | Found an iron altar of Okawaru.
  1835 | D:3      | Found a hazy altar of Hepliaklqana.
  1836 | D:3      | Found a white marble altar of Elyvilon.
  1855 | D:3      | Reached XP level 5. HP: 24/46 MP: 4/4
  2015 | D:3      | Became a worshipper of Warmaster Okawaru
  2041 | D:3      | Reached skill level 5 in Shields
  2117 | D:3      | Found a faded altar of an unknown god.
  2785 | D:4      | Found Voatoeho's Gadget Shop.
  3137 | D:4      | Reached XP level 6. HP: 53/53 MP: 5/5
  3291 | D:5      | Entered Level 5 of the Dungeon
  3300 | D:5      | Reached skill level 5 in Armour
  3342 | D:5      | Noticed a sky beast
  3359 | D:5      | Killed a sky beast
  3359 | D:5      | Reached skill level 5 in Long Blades
  3578 | D:5      | Gained mutation: You have large cloven feet. [mutagenic meat]
  3605 | D:5      | Reached * piety under Okawaru
  3605 | D:5      | Reached XP level 7. HP: 60/60 MP: 6/6
  3965 | D:5      | Found a staircase to the Ecumenical Temple.
  4092 | D:5      | Reached skill level 5 in Fighting
  4248 | D:5      | Found a shadowy altar of Dithmenos.
  4499 | D:6      | Noticed Pikel
  4527 | D:6      | Killed Pikel
  4527 | D:6      | Reached ** piety under Okawaru
  4527 | D:6      | Reached XP level 8. HP: 69/69 MP: 7/7
  5009 | D:6      | Reached *** piety under Okawaru
  5060 | D:6      | Noticed Sigmund
  5073 | D:6      | Killed Sigmund
  5455 | D:6      | Reached XP level 9. HP: 75/75 MP: 5/8
  6496 | D:7      | Reached **** piety under Okawaru
  7322 | D:8      | Noticed Prince Ribbit
  7324 | D:8      | Noticed Grum
  7331 | D:8      | Reached skill level 10 in Long Blades
  7337 | D:8      | Killed Grum
  7337 | D:8      | Reached skill level 1 in Invocations
  7341 | D:8      | Killed Prince Ribbit
  7344 | D:8      | Reached skill level 10 in Shields
  7344 | D:8      | Reached XP level 10. HP: 11/88 MP: 6/9
  8018 | D:8      | Noticed Psyche
  8033 | D:8      | Killed Psyche
  8633 | D:8      | Reached ***** piety under Okawaru
  8990 | D:9      | Reached skill level 1 in Axes
  9006 | D:9      | HP: 3/89 [troll (10)]
  9007 | D:9      | Mangled by a troll

Vault maps used:
D:1:      dpeg_arrival_renting, st_stairs_13
D:2:      minmay_misc_feat_pillars
D:3:      grunt_temple_overflow_open, chequers_ecumenical_altar_simple
D:4:      serial_shops, shop, minmay_misc_feat_plants
D:5:      nicolae_overflow_crystal_walls, first_bread, kennysheep_generic_room_5
D:6:      lemuel_ratsnest, grunt_ministairs_6, hex_tiny, uniq_pikel,
          uniq_sigmund
D:7:      the_bakery
D:8:      uniq_grum, uniq_psyche, uniq_prince_ribbit1
D:9:      hangedman_misty_isle

Skill      XL: |  1  2  3  4  5  6  7  8  9 10 |
---------------+-------------------------------+-----
Armour         | 4 5 6 7 8 9 |  9.0
Shields        | 4 5 6 7 8 10 | 10.8
Fighting       | 4 5 6 7 8 |  8.3
Long Blades    | 3 4 5 7 8 10 | 10.7
Dodging        | 1 2 |  2.9
Invocations    | 1 |  1.2
Axes           | 1 |  1.6
Stealth        | |  0.1
Evocations     | |  0.8

Action                   |  1- 3 |  4- 6 |  7- 9 | 10-12 || total
-------------------------+-------+-------+-------+-------++-------
Melee: Long sword        |    60 |   190 |   442 |    97 ||   789
       Headbutt          |    15 |    30 |    76 |    43 ||   164
       Kick              |       |       |   138 |    51 ||   189
       Hand axe          |       |       |       |    54 ||    54
Invok: Heroism           |       |       |     3 |     2 ||     5
Evoke: Wand              |       |       |     4 |     5 ||     9
  Use: Scroll            |     3 |       |     5 |     5 ||    13
       Potion            |       |       |     1 |     1 ||     2
  Eat: Chunk             |       |     5 |    12 |     5 ||    22
       Beef jerky        |       |     2 |       |       ||     2
       Fruit             |       |     1 |     1 |       ||     2
       Pizza             |       |       |     1 |       ||     1
Armor: Scale mail        |    22 |    15 |       |       ||    37
       Plate armour      |       |    51 |   176 |    54 ||   281
       Ring mail         |       |       |       |    17 ||    17
Dodge: Dodged            |    24 |    28 |    74 |    48 ||   174
Block: Shield            |    40 |   125 |   264 |    77 ||   506
       Reflection        |       |     3 |     1 |     3 ||     7
       Buckler           |       |       |       |    33 ||    33
       Rpst.: Long sword |     9 |     8 |    21 |     7 ||    45
